 Dungeon Crawl Stone Soup version 0.25.1-2-g60ff931df9 (webtiles) character file.

Game seed: 14202023688998920024

52867 Chimkentus the Thrower (level 14, -1/99 HPs)
             Began as an Octopode Assassin on Aug 30, 2020.
             Was a High Priest of Wu Jian.
             Slain by an ettin
             ... wielding a +4 dire flail of holy wrath
              (37 damage)
             ... on level 12 of the Dungeon.
             The game lasted 03:36:21 (25599 turns).

Chimkentus the Thrower (Octopode Assassin)         Turns: 25599, Time: 03:36:22

Health: -1/99      AC:  4    Str: 11    XL:     14   Next: 65%
Magic:  16/19      EV: 22    Int: 16    God:    Wu Jian [*****.]
Gold:   668        SH:  8    Dex: 13    Spells: 9/20 levels left

rFire    + . .     SeeInvis +   x - +7 war axe "Ulots" {elec, rPois rC+ Dex-4}
rCold    + + .     Gourm    .   O - +3 buckler
rNeg     + . .     Faith    .   H - +3 crown of Dyrovepreva {rElec Int+2 SInv}
rPois    +         Spirit   .   o - amulet of magic regeneration
rElec    +         Reflect  .   w - ring of resist corrosion
rCorr    +         Harm     .   A - +4 ring of evasion
MR       +....                  h - ring of positive energy
Stlth    +++++.....             F - ring of resist corrosion
HPRegen  0.26/turn              U - ring of protection from fire
MPRegen  0.41/turn              I - ring of protection from cold
                                (no ring)
                                (no ring)

@: brilliant, lightly drained
A: almost no armour, stealthy swim, amphibious, 8 rings, constrict 8, camouflage
1, gelatinous body 1
a: Wall Jump, Serpent's Lash, Heavenly Storm, Renounce Religion


You were on level 12 of the Dungeon.
You worshipped Wu Jian.
Wu Jian was extremely pleased with you.
You were not hungry.

You visited 4 branches of the dungeon, and saw 20 of its levels.

You collected 1529 gold pieces.
You spent 861 gold pieces at shops.

Inventory:

Hand Weapons
 a - a +2 dagger
 i - a +4 vampiric dagger
 p - a +0 short sword of protection
 x - the +7 war axe "Ulots" (weapon) {elec, rPois rC+ Dex-4}
   (You found it on level 12 of the Dungeon)

   Occasionally, upon striking a foe, it will discharge some electrical energy
   and cause terrible harm.
   It affects your dexterity (-4).
   It protects you from cold.
   It protects you from poison.
 L - a +0 hunting sling
 Q - a +3 scimitar of flaming
Missiles
 b - 13 poisoned darts
 f - 4 javelins
 g - 608 stones
 m - 62 sling bullets
 y - 47 boomerangs (quivered)
 E - 2 throwing nets
 M - 4 boomerangs of dispersal
 N - a curare-tipped dart
 X - 5 atropa-tipped darts
Armour
 H - the +3 crown of Dyrovepreva (worn) {rElec Int+2 SInv}
   (You acquired it on level 13 of the Dungeon)

   It affects your intelligence (+2).
   It insulates you from electricity.
   It lets you see invisible.
 O - a +3 buckler (worn)
Jewellery
 h - a ring of positive energy (on tentacle)
 o - an amulet of magic regeneration (around mantle)
 u - an uncursed ring of fire
 w - a ring of resist corrosion (left tentacle)
 A - a +4 ring of evasion (right tentacle)
 F - a ring of resist corrosion (on tentacle)
 I - a ring of protection from cold (on tentacle)
 U - a ring of protection from fire (on tentacle)
Wands
 t - a wand of digging (6)
 B - a wand of polymorph (3)
 P - a wand of random effects (31)
Scrolls
 c - 2 scrolls of fog
 j - 6 scrolls of remove curse
 k - 8 scrolls of teleportation
 l - a scroll of blinking
 G - 4 scrolls of identify
 J - a scroll of immolation
 T - a scroll of summoning
Potions
 e - 6 potions of haste
 n - 3 potions of resistance
 q - 4 potions of brilliance
 r - 3 potions of stabbing
 s - 3 potions of cancellation
 v - a potion of flight
 z - 4 potions of ambrosia
 C - 2 potions of magic
 D - 3 potions of might
 K - 4 potions of curing
 W - 3 potions of lignification
Miscellaneous
 V - a phantom mirror
Comestibles
 d - 29 rations
 R - 2 chunks of flesh


   Skills:
 * Level 10.2(10.1) Fighting
 + Level 7.7(7.6) Short Blades
 + Level 1.0(0.9) Axes
 + Level 10.5(10.4) Throwing
 * Level 9.3(9.2) Dodging
 + Level 8.1(8.0) Stealth
 * Level 6.7(6.6) Shields
 + Level 3.7(3.6) Spellcasting
 * Level 5.2(5.1) Hexes
 * Level 8.2(8.1) Transmutations
 * Level 7.8(7.7) Earth Magic
 + Level 7.0(6.9) Evocations


You had 9 spell levels left.
You knew the following spells:

 Your Spells              Type           Power        Failure   Level  Hunger
b - Sandblast             Erth           #####.       1%          1    None
c - Passwall              Tmut/Erth      #####...     1%          2    None
d - Corona                Hex            ####...      2%          1    None
e - Leda's Liquefaction   Hex/Erth       #####.....   12%         4    None
f - Tukima's Dance        Hex            ####....     6%          3    None

Your spell library contained the following spells:

 Spells                   Type           Power        Failure   Level  Hunger
 Slow                     Hex            ####....     3%          2    None
 Confusing Touch          Hex            ####....     6%          3    None
 Petrify                  Tmut/Erth      #####...     7%          4    None
 Ensorcelled Hibernation  Hex/Ice        ###...       10%         2    None
 Stone Arrow              Conj/Erth      ###...       11%         3    None
 Animate Skeleton         Necr           N/A          19%         1    None
 Foxfire                  Conj/Fire      #...         19%         1    None
 Freeze                   Ice            #...         19%         1    None
 Pain                     Necr           #...         19%         1    None
 Dazzling Flash           Conj/Hex       ###...       19%         3    None
 Inner Flame              Hex/Fire       ###.....     19%         3    None
 Portal Projectile        Hex/Tloc       ###...       19%         3    None
 Lee's Rapid Deconstruct  Erth           #####.....   21%         5    None
 Cause Fear               Hex            ####......   22%         4    None
 Yara's Violent Unravell  Hex/Tmut       #####.....   32%         5    None
 Conjure Flame            Conj/Fire      #.......     47%         3    None
 Frozen Ramparts          Ice            #.....       47%         3    None
 Gell's Gravitas          Tloc           #.........   47%         3    None
 Ozocubu's Armour         Chrm/Ice       #.......     47%         3    None
 Vampiric Draining        Necr           #.........   47%         3    None
 Metabolic Englaciation   Hex/Ice        ###.......   86%         5    None
 Animate Dead             Necr           N/A          87%         4    None
 Hailstorm                Conj/Ice       #.......     87%         4    None
 Sticky Flame             Conj/Fire      #.......     87%         4    None
 Summon Ice Beast         Ice/Summ       #.......     87%         4    None
 Agony                    Necr           #.......     99%         5    None
 Fireball                 Conj/Fire      #.........   99%         5    None


Dungeon Overview and Level Annotations

Branches:
Dungeon (13/15)            Temple (1/1) D:4            Lair (4/6) D:11
  Swamp (0/4) Lair:4       Spider (0/4) Lair:2          Orc (2/2) D:10
    Elf (0/3) Orc:2
 Vaults: D:13-14

Altars:
Ashenzari
Cheibriados
Dithmenos
Elyvilon
Fedhas
Gozag
Hepliaklqana
Kikubaaqudgha
Makhleb
Nemelex Xobeh
Okawaru
Qazlal
Ru
Sif Muna
Trog
Uskayaw
Vehumet
Wu Jian
Xom
Yredelemnul
Zin
The Shining One
Beogh

Shops:
D:9 ?   D:11 :   Orc:2 [(?(

Annotations:
Lair:1 exclusion: oklob plant
Lair:2 2 runed translucent doors, Amiduf's ghost, journeyman SpVM


Innate Abilities, Weirdness & Mutations

You cannot wear most types of armour.
You are very stealthy in the water. (Stealth+)
You are amphibious.
You can wear up to eight rings at the same time.
You can use your tentacles to constrict eight enemies at once.
Your skin changes colour to match your surroundings (Stealth+).
Your rubbery body absorbs attacks. (AC +1, EV +1)


Message History

The ettin hits you with a +4 dire flail of holy wrath!!
The ettin barely misses you. A mysterious force pulls you upwards.
The hatch slams shut behind you.
Okay, then.
Casting: Tukima's Dance (mildly dangerous; 6% risk of failure)
Confirm with . or Enter, or press ? or * to list all spells.
Aiming: Tukima's Dance (mildly dangerous; 6% risk of failure)
Press: ? - help, Shift-Dir - straight line, f - ettin
Aim: an ettin, wielding a +4 dire flail of holy wrath and a +0 vorpal dire flail (chance to defeat MR: 39%)
Okay, then.
You feel clever all of a sudden.
Casting: Tukima's Dance (mildly dangerous; 6% risk of failure)
Confirm with . or Enter, or press ? or * to list all spells.
Aiming: Tukima's Dance (mildly dangerous; 6% risk of failure)
Press: ? - help, Shift-Dir - straight line, f - ettin
Aim: an ettin, wielding a +4 dire flail of holy wrath and a +0 vorpal dire flail (chance to defeat MR: 51%)
You feel a surge of power!
The +0 vorpal dire flail dances into the air!
The ettin hits you with a +4 dire flail of holy wrath!!! x2
You die...

#..............##.).......
#............####..###)...
##.#.........## #..###....
##............# ##..##....
#.............###.........
#..##.........##..........
#######........##.........
#..(......#..........
##...@.....>..........
#...)C....##........#.
##........###.......##
#....#.......#.....##
#....#.......#.......
##..##.......##......
##..............##.##
###..............##...#
#....##...........#..##


You could see an ettin and a friendly +0 vorpal dire flail.

Vanquished Creatures
  Jorgrun (D:12)
  Gastronok (Lair:3)
  A hydra (Lair:4)
  A catoblepas (Orc:2)
  Erica (D:9)
  5 two-headed ogres
  Urug (D:12)
  An ogre mage (Orc:2)
  2 orc high priests (Orc:2)
  Nergalle (Lair:3)
  An unseen horror (D:13)
  A sea snake (D:13)
  Pikel (D:7)
  3 orc sorcerers
  An ugly thing (D:11)
  2 black mambas
  10 spiny frogs
  2 rime drakes
  A komodo dragon (Lair:1)
  An efreet (D:13)
  A freezing wraith (D:13)
  5 trolls
  A hornet (D:12)
  Prince Ribbit (D:7)
  3 blink frogs (Lair:3)
  A blink frog (shapeshifter) (D:13)
  4 slime creatures (D:9)
  6 hippogriffs
  4 wyverns
  A vampire (D:11)
  A tarantella (Lair:2)
  2 humans (D:8)
  23 yaks
  3 basilisks
  2 steam dragons
  2 vampire mosquitoes (D:13)
  4 wargs
  3 water moccasins (Lair:2)
  2 soldier ants
  4 porcupines (Lair:1)
  28 orc warriors
  A hornet zombie (D:8)
  7 sky beasts
  2 black bears
  A necrophage (D:8)
  A phantom (D:4)
  An ice beast (D:12)
  8 ogres
  9 wolves
  4 centaurs
  6 crocodiles
  2 big kobolds
  11 bullfrogs
  A scorpion (D:7)
  6 killer bees (D:9)
  7 wights
  5 electric eels
  5 howler monkeys
  10 crimson imps
  A bullfrog zombie (D:12)
  A centaur skeleton (D:5)
  2 jellies
  16 orc priests
  5 hounds
  A bullfrog skeleton (D:7)
  7 iguanas
  22 orc wizards
  11 worker ants
  A howler monkey zombie (D:5)
  2 worker ant zombies
  9 adders
  An ooze (D:2)
  2 adder zombies
  2 worms
  6 dart slugs
  5 leopard geckos
  82 orcs
  2 ball pythons (D:2)
  3 giant cockroaches
  8 hobgoblins
  3 jackals
  4 quokkas
  13 bats
  4 frilled lizards
  11 goblins
  A jackal skeleton (D:4)
  21 kobolds
  A leopard gecko skeleton (D:9)
  8 rats
481 creatures vanquished.

Vanquished Creatures (collateral kills)
  An ettin (Orc:1)
  A centaur (D:10)
  A warg (Orc:1)
  An ogre (Orc:2)
  5 orcs
9 creatures vanquished.

Vanquished Creatures (others)
  6 dancing weapons
  2 orc warriors
  An orc wizard (D:7)
  3 orcs
  A fungus (Lair:2)
13 creatures vanquished.

Grand Total: 503 creatures vanquished

Notes
Turn   | Place    | Note
-------+----------+-------------------------------------------
     0 | D:1      | Chimkentus the Octopode Assassin began the quest for the
                  | Orb.
     0 | D:1      | Reached XP level 1. HP: 14/14 MP: 1/1
    41 | D:1      | Reached XP level 2. HP: 15/19 MP: 2/2
   419 | D:1      | Reached XP level 3. HP: 25/25 MP: 3/3
  1043 | D:2      | Found a faded altar of an unknown god.
  1136 | D:2      | Reached XP level 4. HP: 28/30 MP: 4/4
  1797 | D:2      | Found an iron altar of Okawaru.
  1797 | D:2      | Found a faded altar of an unknown god.
  1802 | D:2      | Found a snail-covered altar of Cheibriados.
  1804 | D:2      | Found a faded altar of an unknown god.
  1806 | D:2      | Found a white marble altar of Elyvilon.
  2313 | D:3      | Reached XP level 5. HP: 36/36 MP: 5/5
  3302 | D:4      | Noticed a phantom
  3424 | D:4      | Reached XP level 6. HP: 25/43 MP: 6/6
  3993 | D:4      | Found a staircase to the Ecumenical Temple.
  4000 | Temple   | Entered the Ecumenical Temple
  4303 | Temple   | Became a worshipper of the Wu Jian Council
  4497 | D:4      | Killed a phantom
  4497 | D:4      | Reached XP level 7. HP: 18/49 MP: 7/7
  4772 | D:5      | Entered Level 5 of the Dungeon
  5460 | D:6      | Reached skill level 5 in Fighting
  5471 | D:6      | Reached skill level 1 in Evocations
  5864 | D:6      | Reached XP level 8. HP: 43/55 MP: 8/8
  6259 | D:7      | Reached skill level 5 in Throwing
  6538 | D:6      | Reached * piety under Wu Jian
  6872 | D:6      | Found a sparkling altar of Nemelex Xobeh.
  6934 | D:6      | Reached skill level 5 in Dodging
  7066 | D:6      | Reached XP level 9. HP: 62/62 MP: 9/11
  7337 | D:7      | Noticed Prince Ribbit
  7340 | D:7      | Killed Prince Ribbit
  7358 | D:7      | Learned a level 3 spell: Confusing Touch
  7523 | D:8      | Learned a level 1 spell: Sandblast
  7526 | D:8      | Learned a level 2 spell: Passwall
  7723 | D:7      | Reached skill level 5 in Short Blades
  7723 | D:7      | Reached skill level 1 in Transmutations
  7723 | D:7      | Reached skill level 1 in Earth Magic
  7846 | D:7      | Noticed Pikel
  7889 | D:7      | Killed Pikel
  8396 | D:8      | Found a bloodstained altar of Trog.
  8741 | D:8      | Reached XP level 10. HP: 44/69 MP: 13/13
  9131 | D:8      | Reached ** piety under Wu Jian
  9212 | D:8      | Found an iron altar of Okawaru.
 10034 | D:9      | Noticed Erica
 10080 | D:9      | Killed Erica
 10246 | D:9      | Reached skill level 5 in Evocations
 10442 | D:9      | Found Xussal's Magic Scroll Boutique.
 10446 | D:9      | Bought a scroll of identify for 30 gold pieces
 10446 | D:9      | Bought a scroll of summoning for 142 gold pieces
 10446 | D:9      | Bought a scroll of enchant armour for 112 gold pieces
 10446 | D:9      | Bought a scroll of enchant weapon for 112 gold pieces
 10542 | D:10     | Entered Level 10 of the Dungeon
 11059 | D:10     | Found a staircase to the Orcish Mines.
 11070 | D:10     | Reached XP level 11. HP: 75/75 MP: 15/15
 11172 | D:10     | Reached *** piety under Wu Jian
 11936 | D:11     | Noticed a red ugly thing
 11942 | D:11     | Killed a red ugly thing
 12094 | D:11     | Found Wieddadd's Book Boutique.
 12336 | D:11     | Noticed a two-headed ogre
 12385 | D:11     | Killed a two-headed ogre
 12500 | D:11     | Found a staircase to the Lair.
 12724 | D:11     | Found a sparkling altar of Nemelex Xobeh.
 12835 | Lair:1   | Entered Level 1 of the Lair of Beasts
 12998 | Lair:1   | Reached skill level 1 in Shields
 13489 | Lair:1   | Noticed an oklob plant
 14361 | Lair:2   | Reached **** piety under Wu Jian
 14441 | Lair:2   | Reached skill level 5 in Transmutations
 14481 | Lair:2   | Found a large runed translucent door.
 14482 | Lair:2   | Found a large runed translucent door.
 14500 | Lair:2   | Learned a level 1 spell: Corona
 14505 | Lair:2   | Learned a level 4 spell: Leda's Liquefaction
 14568 | Lair:2   | Reached XP level 12. HP: 83/83 MP: 16/16
 14609 | Lair:1   | Reached skill level 1 in Hexes
 14931 | Lair:2   | Reached skill level 5 in Earth Magic
 15153 | Lair:2   | Found a hole to the Spider Nest.
 15189 | Lair:2   | Noticed Amiduf's ghost (journeyman SpVM)
 16019 | Lair:3   | Noticed Gastronok
 16471 | Lair:3   | Reached skill level 5 in Shields
 16471 | Lair:3   | Reached XP level 13. HP: 90/90 MP: 18/18
 16694 | Lair:3   | Killed Gastronok
 16836 | Lair:3   | Noticed Nergalle
 16853 | Lair:3   | Killed Nergalle
 17375 | Lair:4   | Found a staircase to the Swamp.
 17791 | Lair:4   | Learned a level 3 spell: Tukima's Dance
 18746 | D:9      | Bought 3 scrolls of enchant armour for 337 gold pieces
 18777 | Orc:1    | Entered Level 1 of the Orcish Mines
 18983 | Orc:2    | Entered Level 2 of the Orcish Mines
 18993 | Orc:2    | Found a roughly hewn altar of Beogh.
 18994 | Orc:2    | Found Icukeuck's Weapon Boutique.
 19369 | Orc:2    | Found a staircase to the Elven Halls.
 19388 | Orc:1    | Noticed an ettin
 19398 | Orc:1    | Killed an ettin
 19638 | Orc:1    | Paralysed by an orc sorcerer for 3 turns
 19787 | Orc:1    | Reached ***** piety under Wu Jian
 20022 | Orc:2    | Found a roughly hewn altar of Beogh.
 20074 | Orc:2    | Found a roughly hewn altar of Beogh.
 20090 | Orc:2    | Reached XP level 14. HP: 76/98 MP: 19/19
 20220 | Orc:2    | Found an iron altar of Okawaru.
 20558 | Orc:1    | Reached skill level 10 in Throwing
 21195 | Orc:2    | Reached skill level 10 in Fighting
 21502 | Orc:2    | Found a roughly hewn altar of Beogh.
 21503 | Orc:2    | Found Nitil's Magic Scroll Shop.
 21504 | Orc:2    | Paralysed by an orc sorcerer for 7 turns
 21522 | Orc:2    | Bought a scroll of identify for 32 gold pieces
 21522 | Orc:2    | Bought a scroll of identify for 32 gold pieces
 21708 | Orc:2    | Bought a scroll of fog for 32 gold pieces
 21849 | Orc:2    | Noticed an orc warlord
 22158 | Orc:2    | an orc warlord changed into a catoblepas
 22307 | Orc:2    | Found Booki's Antique Armour Shop.
 22308 | Orc:2    | Found a roughly hewn altar of Beogh.
 22309 | Orc:2    | Found Henn's Antique Weapon Boutique.
 22454 | Orc:2    | Bought a scroll of identify for 32 gold pieces
 22588 | D:12     | Noticed Jorgrun
 23128 | D:12     | Noticed Urug
 23556 | D:12     | Identified the +7 war axe "Ulots" {elec, rPois rC+ Dex-4}
 23570 | D:12     | Killed Urug
 23583 | D:12     | Killed Jorgrun
 23583 | D:12     | Reached skill level 5 in Hexes
 24246 | D:13     | Identified a scroll of acquirement
 24246 | D:13     | Acquired the +3 crown of Dyrovepreva {rElec Int+2 SInv}
 24247 | D:13     | Found the +3 crown of Dyrovepreva {rElec Int+2 SInv}
 24293 | D:13     | Noticed Nessos
 24294 | D:13     | Noticed Nessos
 24294 | D:13     | Nessos changed into Nessos the sea snake
 24305 | D:13     | Killed Nessos the sea snake
 25501 | D:13     | Reached skill level 1 in Axes
 25599 | D:12     | Slain by an ettin

Illustrated notes

Levels and vault maps discovered:
D:1:      ebering_trefoil_3fold, layout_basic, serial_bayou_pond_b
D:2:      layout_loops_ring, chequers_temple_overflow_minitemple, first_ration,
          chequers_ecumenical_altar_simple_redux
D:3:      layout_basic
D:4:      layout_gridville, temple_green
D:5:      layout_rooms
D:6:      layout_basic, nemelex_altar_shiori
D:7:      layout_layer_cave, uniq_prince_ribbit1, uniq_pikel
D:8:      minmay_general_purpose_star, layout_cave_pods, kennysheep_mini_moat,
          grunt_ogre_cave, okawaru_humans
D:9:      kennysheep_spiral_hall, layout_cave_pools, serial_shops,
          kennysheep_mini, chequers_serial_rivers_small_b, uniq_erica
D:10:     layout_loops_ring, david_orc_2
D:11:     layout_loops_ring, erik_lair_dragon, serial_shops, nicolae_shop_stone,
          minivault_25, nemelex_diamond_rough_becter
D:12:     layout_cave_pools, uniq_urug, uniq_jorgrun
D:13:     layout_layer_cave, david_vaults_4, gauntlet_entry_generic, uniq_nessos
Temple:   minmay_temple_bridge_d
Lair:1:   layout_regular_city, chequers_serial_rivers_micro_c,
          chequers_serial_rivers_micro_e, chequers_serial_rivers_room_b,
          minmay_holes, st_stairs_7, nicolae_quartered_pool_medium,
          beast_lair_carwin_5, minmay_lair_oklob_chamber, serial_bayou_shore_b
Lair:2:   layout_regular_city, spider_nest_entry_rubble,
          ebering_ghost_disaster_area, grunt_megastairs_5
Lair:3:   layout_loops_ring, serial_bayou_crossing, grunt_megastairs_1,
          uniq_gastronok, uniq_nergalle
Lair:4:   layout_loops_ring, minmay_swamp_entry_eels, grunt_megastairs_2
Orc:1:    layout_caves
Orc:2:    grunt_orc_community_town_hall, layout_caves,
          grunt_orc_community_big_house_1, grunt_orc_community_big_house_1,
          grunt_orc_community_house_1, grunt_orc_community_house_1,
          grunt_orc_community_house_3, grunt_orc_community_house_2,
          david_defended_altar_orc

Skill      XL: |  1  2  3  4  5  6  7  8  9 10 11 12 13 14 |
---------------+-------------------------------------------+-----
Dodging        | 2 3 4 5 6 7 8 9 |  9.3
Fighting       | 3 4 5 6 7 8 9 10 | 10.2
Short Blades   | 3 4 5 6 7 |  7.7
Throwing       | 3 4 6 7 8 9 10 | 10.5
Evocations     | 1 2 4 5 6 7 |  7.0
Stealth        | 6 8 |  8.1
Transmutations | 2 3 5 6 7 8 |  8.2
Earth Magic    | 2 3 4 6 7 |  7.8
Shields        | 2 5 6 |  6.7
Hexes          | 2 3 5 |  5.2
Spellcasting   | 2 3 |  3.7
Axes           | 1 |  1.0

Action                   |  1- 3 |  4- 6 |  7- 9 | 10-12 | 13-15 || total
-------------------------+-------+-------+-------+-------+-------++-------
Melee: Dagger            |    76 |   112 |   163 |   491 |   572 ||  1414
       Constrict         |    17 |    18 |    36 |    52 |    96 ||   219
       Tentacles         |     7 |    19 |    35 |   117 |   167 ||   345
       War axe           |       |       |       |       |    71 ||    71
Throw: Dart              |     6 |    12 |    42 |    77 |    61 ||   198
       Boomerang         |       |    22 |    78 |    68 |   200 ||   368
       Throwing net      |       |       |       |     1 |     2 ||     3
 Cast: Passwall          |       |       |       |     7 |     7 ||    14
       Corona            |       |       |       |     5 |    10 ||    15
       Sandblast         |       |       |       |       |     7 ||     7
       Tukima's Dance    |       |       |       |       |    34 ||    34
Invok: Lunge             |       |       |    19 |    34 |    53 ||   106
       Whirlwind         |       |       |    28 |    53 |    45 ||   126
 Abil: Wall Jump         |       |       |       |    13 |     7 ||    20
Evoke: Wand              |       |     6 |    11 |    43 |    42 ||   102
       Phantom mirror    |       |       |       |       |     1 ||     1
  Use: Scroll            |       |     4 |     5 |    14 |    10 ||    33
       Potion            |       |     2 |       |     1 |    13 ||    16
 Stab: Sleeping          |    10 |    16 |    11 |    35 |    31 ||   103
       Paralysed         |       |       |     2 |     6 |     1 ||     9
       Invisible         |       |       |       |     1 |     3 ||     4
       Confused          |       |       |       |     1 |       ||     1
  Eat: Chunk             |     1 |     9 |    12 |    24 |    30 ||    76
       Ration            |       |       |     1 |       |     1 ||     2
Armor: Skin              |     7 |     2 |     3 |     5 |    16 ||    33
Dodge: Dodged            |    38 |    68 |   114 |   283 |   349 ||   852
Block: Buckler           |       |       |       |    55 |   188 ||   243
